 Dungeon Crawl Stone Soup version 0.31.0-11-ge490571c62 (webtiles) character file.

Game seed: 2625295512738085079

595 qw the Shooter (level 7, -2/35 HPs)
             Began as a Spriggan Hunter on Feb 3, 2024.
             Slain by a gnoll bouda
             ... wielding a +2 whip of freezing
              (16 damage)
             ... on level 4 of the Dungeon.
             The game lasted 00:01:03 (3129 turns).

qw the Shooter (Spriggan Hunter)                    Turns: 3129, Time: 00:01:04

Health: -2/35      AC:  2    Str:  7      XL:     7   Next: 17%
Magic:  8/8        EV: 21    Int: 14      God:
Gold:   101        SH:  0    Dex: 18 (23) Spells: 6/6 levels left

rFire   . . .        a - +2 shortbow
rCold   + . .        (shield currently unavailable)
rNeg    . . .        l - +0 robe "Useorur" {Int+3 Dex+3}
rPois   .            (helmet restricted)
rElec   .            (no cloak)
rCorr   .            (gloves unavailable)
SInv    +            (boots unavailable)
Will    +....        i - amulet of faith
Stlth   ++           j - ring of protection from cold
HPRegen 0.25/turn    (no ring)
MPRegen 0.11/turn

%: faith
@: weakened, very quick
A: very small, no large weapons, unfitting armour, see invisible, speed 3
a: no special abilities


You were on level 4 of the Dungeon.
You visited 1 branch of the dungeon, and saw 4 of its levels.
You also visited: Sewer.

You collected 226 gold pieces.
You spent 125 gold pieces at shops.


Innate Abilities, Weirdness & Mutations

You are very small and have problems with some larger weapons.
You are too small for most types of armour.
You have supernaturally acute eyesight. (SInv)
You cover ground extremely quickly. (Speed+++)


   Skills:
 - Level 2.2 Fighting
 + Level 7.3 Ranged Weapons
 - Level 6.3 Dodging
 - Level 1.5 Stealth


You had 6 spell levels left.
You didn't know any spells.
Your spell library was empty.

Inventory:

Hand Weapons
 a - a +2 shortbow (weapon)
Armour
 l - the +0 robe "Useorur" (worn) {Int+3 Dex+3}
   (You found it in a sewer)

   Int+3:     It affects your intelligence (+3).
   Dex+3:     It affects your dexterity (+3).
Jewellery
 i - an amulet of faith (around neck)
 j - a ring of protection from cold (left hand)
Wands
 n - a wand of acid (11)
Potions
 d - 3 potions of mutation
 e - a potion of haste
 h - a potion of might {unknown}
 m - a potion of invisibility {unknown}

Dungeon Overview and Level Annotations

Branches:
Dungeon (4/15)              Sewer (visited)
 Temple: D:4-7

Altars:

Shops:
D:3 *


Message History

The arrow hits the gnoll but does no damage.
The gnoll is moderately wounded.
Your attacks no longer feel as feeble.
The gnoll barely misses you.
You shoot an arrow. The arrow hits the gnoll.
The gnoll is moderately wounded.
The gnoll completely misses you. The gnoll closely misses you.
You shoot an arrow.
The arrow hits the gnoll but does no damage.
The gnoll is moderately wounded.
The gnoll completely misses you. The gnoll hits you with a +0 flail!
The gnoll bouda gazes fiercely through you!
You feel your attacks grow feeble. The gnoll bouda closely misses you.
3125 ||| DRINKING 2 potions of heal wounds.
You feel much better. The gnoll misses you. The gnoll hits you with a +0 flail!
The gnoll bouda hits you with a +2 whip of freezing!
The gnoll bouda freezes you.
You shoot an arrow. The arrow hits the gnoll.
The gnoll is almost dead.
The gnoll closely misses you. The gnoll misses you.
The gnoll bouda completely misses you.
You shoot an arrow. The arrow hits the gnoll.
You kill the gnoll!
The gnoll completely misses you.
The gnoll bouda gazes fiercely through you!
You feel as though you will be weak longer.
The gnoll bouda hits you with a +2 whip of freezing!
3128 ||| DRINKING potion of heal wounds.
You feel much better.
The gnoll hits you from afar with a +0 spear!
The gnoll bouda gazes fiercely through you!
You feel as though you will be weak longer.
The gnoll bouda misses you.
You shoot an arrow.
The arrow closely misses the gnoll bouda.
The gnoll hits you from afar with a +0 spear.
The gnoll bouda hits you with a +2 whip of freezing!
You die...

#.##..........#..
8.8#..........#.#
#.##............#
##.##.........####
8.8#............. #
#.##........#####
###.# #'##...?....##
.....g##..<.........#
......)@............#
......g###..........#
....... #....).....#
......# #..........#
..)... ##........##
...... ##......##
..... ######## #####


You could see a gnoll bouda and a gnoll (swift).

Vanquished Creatures
  A kobold brigand (Sewer)
  A scorpion (D:4)
  2 quasits (Sewer)
  A bombardier beetle (D:4)
  A hound (D:3)
  2 jellies (D:4)
  Ijyb (D:3)
  Terence (D:2)
  2 gnolls (D:4)
  7 adders
  2 shadow imps (Sewer)
  3 ufetubi (Sewer)
  An adder zombie (Sewer)
  2 dart slugs
  A ribbon worm (D:4)
  9 endoplasms
  10 giant cockroaches
  3 goblins
  8 hobgoblins
  6 jackals
  16 kobolds
  8 quokkas
  4 ball pythons
  8 bats
  2 frilled lizards (D:1)
  5 rats
107 creatures vanquished.

Vanquished Creatures (others)
  An endoplasm (Sewer)
1 creature vanquished.

Grand Total: 108 creatures vanquished

Notes
Turn   | Place    | Note
-------+----------+-------------------------------------------
     0 | D:1      | qw the Spriggan Hunter began the quest for the Orb.
     0 | D:1      | Reached XP level 1. HP: 10/10 MP: 2/2
     0 | D:1      | 0 ||| qw: Version: 0.3-a-155-g5e7d8dd
     0 | D:1      | 0 ||| qw: Game counter: 3302
     0 | D:1      | 0 ||| qw: Melee chars always use a shield: true
     0 | D:1      | 0 ||| qw: God list: Okawaru
     0 | D:1      | 0 ||| qw: Allow faded altars: false
     0 | D:1      | 0 ||| qw: Do Orc after clearing Dungeon:15 true
     0 | D:1      | 0 ||| qw: Do second Lair branch before Depths: true
     0 | D:1      | 0 ||| qw: Lair rune preference: random
     0 | D:1      | 0 ||| qw: Goals: Normal
     0 | D:1      | 0 ||| PLANNING D:1-11
    68 | D:1      | Reached skill level 3 in Dodging
   276 | D:1      | Reached XP level 2. HP: 14/14 MP: 3/3
   464 | D:1      | Found a faded altar of an unknown god.
   785 | D:1      | 785 ||| READING 2 scrolls labelled KASMAE JEPPEMU.
   785 | D:1      | 785 ||| IDENTIFYING 2 fuming orange potions
   786 | D:1      | 786 ||| READING scroll of identify.
   786 | D:1      | 786 ||| IDENTIFYING 2 viscous grey potions
   787 | D:1      | 787 ||| DROPPING scroll of butterflies.
   788 | D:1      | 788 ||| DROPPING 2 potions of ambrosia.
   819 | D:2      | Reached XP level 3. HP: 18/18 MP: 4/4
   838 | D:2      | Noticed Terence
   846 | D:2      | Killed Terence
   910 | D:2      | Reached skill level 5 in Ranged Weapons
   979 | D:2      | Reached XP level 4. HP: 22/22 MP: 5/5
  1481 | D:2      | 1481 ||| UPGRADING to amulet of faith.
  1486 | D:2      | 1486 ||| DROPPING +6 ring of intelligence.
  1487 | D:2      | 1487 ||| READING scroll labelled ZUHEZUESITZ.
  1492 | D:2      | 1492 ||| READING scroll labelled IMUCISONY.
  1593 | D:2      | 1593 ||| DRINKING 2 inky potions.
  1594 | D:2      | 1594 ||| DROPPING potion of attraction.
  1725 | D:3      | Found Gaih's Assorted Antiques.
  1752 | D:3      | 1752 ||| BUYING scroll labelled BYCIZI RA SAET (25 gold).
  1752 | D:3      | Bought a scroll labelled BYCIZI RA SAET for 25 gold pieces
  1752 | D:3      | 1752 ||| BUYING scroll labelled EMIEHA POLUE (25 gold).
  1752 | D:3      | Bought a scroll labelled EMIEHA POLUE for 25 gold pieces
  1752 | D:3      | 1752 ||| BUYING scroll of teleportation (75 gold).
  1752 | D:3      | Bought a scroll of teleportation for 75 gold pieces
  1752 | D:3      | 1752 ||| SHOPLISTING scroll of teleportation (75 gold, have
                  | 21).
  1840 | D:3      | Reached XP level 5. HP: 25/25 MP: 6/6
  1866 | D:3      | Noticed Ijyb
  1875 | D:3      | Killed Ijyb
  2118 | D:3      | 2118 ||| READING scroll labelled AVAMEBIEJI.
  2118 | D:3      | 2118 ||| ENCHANTING +0 shortbow.
  2119 | D:3      | 2119 ||| READING 2 scrolls labelled BYCIZI RA SAET.
  2120 | D:3      | 2120 ||| READING scroll labelled EMIEHA POLUE.
  2121 | D:3      | 2121 ||| DRINKING 2 murky clear potions.
  2154 | D:3      | 2154 ||| DROPPING potion of lignification.
  2155 | D:3      | 2155 ||| DROPPING scroll of fog.
  2165 | D:4      | 2165 ||| PLANNING SEWER
  2336 | D:4      | Reached skill level 6 in Ranged Weapons
  2336 | D:4      | Reached XP level 6. HP: 30/30 MP: 7/7
  2415 | D:4      | Reached skill level 6 in Dodging
  2498 | D:4      | Found a glowing drain.
  2501 | D:4      | 2501 ||| UPGRADING to ring of protection from cold.
  2502 | D:4      | 2502 ||| READING scroll of identify.
  2502 | D:4      | 2502 ||| IDENTIFYING clear potion
  2503 | D:4      | 2503 ||| READING scroll labelled VOYNYAMUEC.
  2514 | D:4      | 2514 ||| DRINKING 2 yellow potions.
  2525 | Sewer    | Entered a sewer
  2631 | Sewer    | Found a burning altar of Makhleb.
  2767 | Sewer    | HP: 4/30 [kobold brigand/+0 flail (6)]
  2768 | Sewer    | 2768 ||| READING scroll of teleportation.
  2769 | Sewer    | 2769 ||| DRINKING potion of heal wounds.
  2832 | Sewer    | Reached skill level 7 in Ranged Weapons
  2832 | Sewer    | Reached XP level 7. HP: 21/35 MP: 8/8
  2904 | Sewer    | 2904 ||| READING scroll of enchant weapon.
  2904 | Sewer    | 2904 ||| ENCHANTING +1 shortbow.
  2926 | Sewer    | Identified the +0 robe "Useorur" {Int+3 Dex+3}
  2973 | Sewer    | 2973 ||| UPGRADING to +0 robe "Useorur" {Int+3 Dex+3}.
  2983 | Sewer    | 2983 ||| DROPPING +0 robe.
  2984 | Sewer    | 2984 ||| READING 2 scrolls of identify.
  2984 | Sewer    | 2984 ||| IDENTIFYING bubbling grey potion
  2985 | Sewer    | 2985 ||| READING scroll of identify.
  2985 | Sewer    | 2985 ||| IDENTIFYING murky yellow potion
  2986 | Sewer    | 2986 ||| DROPPING potion of degeneration.
  2987 | Sewer    | 2987 ||| DROPPING potion of brilliance.
  3013 | D:4      | 3013 ||| PLANNING D:1-11
  3124 | D:4      | HP: 6/35 [gnoll/+0 flail[a gnoll bouda] (11)]
  3125 | D:4      | 3125 ||| DRINKING 2 potions of heal wounds.
  3128 | D:4      | 3128 ||| DRINKING potion of heal wounds.
  3129 | D:4      | Slain by a gnoll bouda

Levels and vault maps discovered:
D:1:      nicolae_arrival_somewhat_less_tricky_arrival, layout_loops_cross,
          ebering_ecumenical_altar_hall, minivault_24, chequers_jeans,
          minmay_misc_feat_more_columns, minmay_tromino_i4
D:2:      layout_basic, uniq_terence
D:3:      layout_rooms, serial_shops, shop, uniq_ijyb
D:4:      layout_rooms, portal_sewer_entry_f, dk_noncrumbling_2,
          grunt_tough_drop

Skill      XL: |  1  2  3  4  5  6 |
---------------+-------------------+-----
Dodging        | 3 4 5 6 |  6.3
Ranged Weapons | 5 6 7 |  7.3
Fighting       | 2 |  2.2
Stealth        | |  1.5

Action                     |  1- 3 |  4- 6 |  7- 9 || total
---------------------------+-------+-------+-------++-------
   Fire: Shortbow          |    63 |   235 |    13 ||   311
    Use: Scroll            |     2 |     8 |     3 ||    13
         Potion            |       |     4 |     2 ||     6
 Armour: Robe              |     4 |    56 |    10 ||    70
  Dodge: Dodged            |    15 |   201 |    11 ||   227

Table legend:
 A = Non-vault XP
 B = Vault XP
 C = Vault XP percentage of total XP
 D = Non-vault monster count
 E = Vault monster count
 F = Vault count percentage of total count
                 A         B        C        D         E       F
            +---------+---------+-------+---------+---------+-------
      Total |     488 |     363 |  42.7 |      70 |      37 |  34.6
            +---------+---------+-------+---------+---------+-------
        D:1 |      32 |       6 |  15.8 |      18 |       3 |  14.3
        D:2 |      57 |      36 |  38.7 |      14 |       1 |   6.7
        D:3 |      79 |      36 |  31.3 |      16 |       1 |   5.9
        D:4 |     320 |      12 |   3.6 |      22 |       6 |  21.4
      Sewer |       0 |     273 | 100.0 |       0 |      26 | 100.0
            +---------+---------+-------+---------+---------+-------
